 Dungeon Crawl Stone Soup version 0.20-a0-705-gbe8799e (webtiles) character file.

1073 M4edhros the Covert (level 8, -6/48 HPs)
             Began as an Octopode Artificer on Feb 21, 2017.
             Was an Initiate of Gozag.
             Mangled by a bullfrog (7 damage)
             ... on level 6 of the Dungeon.
             The game lasted 00:09:38 (6547 turns).

M4edhros the Covert (Octopode Artificer)            Turns: 6547, Time: 00:09:40

Health: -6/48      AC:  1    Str: 11      XL:     8   Next: 29%
Magic:  10/10      EV: 12    Int: 13      God:    Gozag
Gold:   188        SH:  0    Dex:  5 (15) Spells: 7/7 levels left

rFire    + . .     SeeInvis .   J - +6 longbow "Muom" {venom, *Drain rElec rC+ Stlth+}
rCold    . . .     Gourm    .   (shield currently unavailable)
rNeg     + . .     Faith    .   w - +0 hat
rPois    +         Spirit   .   (no amulet)
rElec    +         Reflect  .   D - ring of poison resistance
rCorr    .         Harm     .   A - ring of positive energy
MR       .....                  L - ring of fire
Stlth    ++++++....             (no ring)
Regen    0.2/turn               (no ring)
MPRegen  0.2/turn               (no ring)
                                (no ring)
                                (no ring)

@: gold aura
A: almost no armour, stealthy swim, amphibious, 8 rings, constrict 8, camouflage
1, gelatinous body 1
a: Potion Petition, Call Merchant, Bribe Branch, Renounce Religion


You were on level 6 of the Dungeon.
You worshipped Gozag.
Gozag was aware of your devotion.
You were not hungry.

You visited 1 branch of the dungeon, and saw 6 of its levels.

You collected 935 gold pieces.
You spent 237 gold pieces at shops.
You paid 510 gold pieces to Gozag.

Inventory:

Hand Weapons
 a - a +0 short sword
 e - a +0 dagger of freezing
 i - a +0 hunting sling
 B - a +2 dagger of protection
 J - the +6 longbow "Muom" (weapon) {venom, *Drain rElec rC+ Stlth+}
   (You bought it in a shop on level 5 of the Dungeon)

   It poisons the ammo it fires.
   It protects you from cold.
   It insulates you from electricity.
   It causes draining when unequipped.
   It makes you more stealthy.
Missiles
 h - 23 sling bullets
 j - 284 stones
 K - 29 arrows (quivered)
Armour
 w - a +0 hat (worn)
Jewellery
 A - a ring of positive energy (right tentacle)
 D - a ring of poison resistance (left tentacle)
 I - an uncursed amulet of faith
 L - a ring of fire (on tentacle)
Wands
 b - a wand of flame (10/48)
 c - a wand of enslavement (12/24)
 d - a wand of random effects (10/48)
 M - a wand of paralysis (16/24)
Scrolls
 g - 3 scrolls of recharging {unknown}
 l - a scroll of blinking {unknown}
 o - 5 scrolls of identify {unknown}
 q - 4 scrolls of remove curse {unknown}
 t - 2 scrolls of amnesia {unknown}
 u - a scroll of fear {unknown}
 v - a scroll of enchant weapon {unknown}
 x - a scroll of immolation {unknown}
 y - 6 scrolls of teleportation {unknown}
 F - 2 scrolls of enchant armour {unknown}
 H - a scroll of noise {unknown}
Potions
 m - 2 potions of haste
 n - a potion of curing
 p - a potion of berserk rage {unknown}
 r - a potion of might {unknown}
 s - a potion of flight {unknown}
 z - 2 potions of lignification {unknown}
 C - 3 potions of agility {unknown}
 E - a potion of mutation {unknown}
Comestibles
 f - 3 bread rations
 k - 5 fruits
 G - 2 meat rations


   Skills:
 - Level 1.0 Fighting
 - Level 1.0 Short Blades
 * Level 3.5 Bows
 - Level 2.0 Dodging
 + Level 12.0 Stealth
 - Level 3.2 Evocations


You had 7 spell levels left.
You didn't know any spells.

Dungeon Overview and Level Annotations

Branches:
Dungeon (6/15)             Temple (0/1) D:4

Altars:
Dithmenos
Gozag
Hepliaklqana
Makhleb
Nemelex Xobeh
Vehumet
Xom
Zin
The Shining One

Shops:
D:5 *

Annotations:
D:4 M4edhros's ghost, amateur OpAr


Innate Abilities, Weirdness & Mutations

You cannot wear most types of armour.
You are very stealthy in the water. (Stealth+)
You are amphibious.
You can wear up to eight rings at the same time.
You can use your tentacles to constrict eight enemies at once.
Your skin changes colour to match your surroundings (Stealth+).
Your rubbery body absorbs attacks. (AC +1, EV +1)


Message History

You shoot an arrow. The gnoll shouts!
The arrow hits the gnoll!
You kill the gnoll!
Firing (i - inventory. (,) - cycle):
K - 31 arrows (quivered)
Press: ? - help, Shift-Dir - straight line, f - bullfrog
Aim: a bullfrog You shoot an arrow.
The arrow barely misses the bullfrog.
The bullfrog barely misses you.
Firing (i - inventory. (,) - cycle):
K - 30 arrows (quivered)
Press: ? - help, Shift-Dir - straight line, f/p - bullfrog
Aim: a bullfrog You shoot an arrow.
The arrow closely misses the bullfrog.
The bullfrog hits you!
* * * LOW HITPOINT WARNING * * *
The bullfrog hits you!
* * * LOW HITPOINT WARNING * * *
The bullfrog hits you!
You die...
Your body crumbles into a pile of gold.

######## #......##
#.#.....# .
#.......# # #.
###.....# .#.#.
#.....# ###.#.
#.....# #... ## .#
#.###.###.#
.##.####.# #...(@#
.#....##.###.###F#
.#...........###$#
.#.....##.....##.$
.#.....##.#...#.(.F
.#####....#.#.#.#.(.
.....#.####.#.#.
(#(#
####.#.###..#.#.
##..
...#.#......#.#. .>


You could see a bullfrog.

Vanquished Creatures
  An ogre (D:5)
  A phantom (D:5)
  A centaur (D:6)
  A scorpion (D:4)
  2 quasits (D:6)
  2 hounds (D:5)
  3 orc priests
  A gnoll shaman (D:6)
  Terence (D:3)
  Jessica (D:2)
  A centaur skeleton (D:4)
  3 orc wizards
  2 iguanas (D:5)
  A worker ant (D:6)
  2 hound skeletons
  A worker ant zombie (D:5)
  Robin (D:3)
  7 gnolls
  5 adders
  A shadow imp (D:5)
  3 adder skeletons
  5 leopard geckos
  14 orcs
  3 giant cockroaches
  14 goblins
  9 hobgoblins
  7 jackals
  7 kobolds
  7 bats
  12 frilled lizards
  A jackal zombie (D:5)
  A leopard gecko zombie (D:5)
  11 rats
132 creatures vanquished.

Vanquished Creatures (collateral kills)
  2 orcs (D:4)
  A goblin (D:3)
3 creatures vanquished.

Grand Total: 135 creatures vanquished

Notes
Turn   | Place    | Note
-------+----------+-------------------------------------------
     0 | D:1      | M4edhros the Octopode Artificer began the quest for the Orb.
     0 | D:1      | Reached XP level 1. HP: 13/13 MP: 3/3
    72 | D:1      | Reached skill level 2 in Stealth
   312 | D:2      | Found an opulent altar of Gozag.
   382 | D:2      | Reached skill level 3 in Stealth
   382 | D:2      | Reached XP level 2. HP: 12/18 MP: 4/4
   810 | D:2      | Became a worshipper of Gozag Ym Sagoz the Greedy
   934 | D:1      | Reached skill level 4 in Stealth
   941 | D:1      | Reached XP level 3. HP: 7/23 MP: 5/5
  1663 | D:2      | Found a sparkling altar of Nemelex Xobeh.
  1935 | D:2      | Noticed Jessica
  1939 | D:2      | Killed Jessica
  1939 | D:2      | Reached skill level 5 in Stealth
  1939 | D:2      | Reached XP level 4. HP: 28/28 MP: 6/6
  1985 | D:2      | Found a shimmering altar of Xom.
  1987 | D:2      | Found a hazy altar of Hepliaklqana.
  1987 | D:2      | Found a shimmering altar of Xom.
  1989 | D:2      | Found a radiant altar of Vehumet.
  1989 | D:2      | Found a glowing silver altar of Zin.
  1989 | D:2      | Found a burning altar of Makhleb.
  2412 | D:3      | Reached skill level 6 in Stealth
  2539 | D:3      | Noticed Robin
  2660 | D:3      | Killed Robin
  2944 | D:3      | Noticed Terence
  2951 | D:3      | Killed Terence
  2951 | D:3      | Reached skill level 7 in Stealth
  2951 | D:3      | Reached XP level 5. HP: 33/33 MP: 7/7
  3351 | D:4      | Found a glowing golden altar of the Shining One.
  3351 | D:4      | Found a shadowy altar of Dithmenos.
  3594 | D:4      | Reached skill level 8 in Stealth
  3601 | D:4      | Reached XP level 6. HP: 38/38 MP: 8/8
  3658 | D:4      | Noticed M4edhros's ghost (amateur OpAr)
  3714 | D:4      | Noticed a phantom
  3845 | D:4      | Found a staircase to the Ecumenical Temple.
  4141 | D:5      | Entered Level 5 of the Dungeon
  4165 | D:5      | Reached skill level 9 in Stealth
  4192 | D:5      | Noticed a phantom
  4199 | D:5      | Killed a phantom
  4205 | D:5      | Noticed a troll
  4245 | D:5      | Noticed a sky beast
  4683 | D:4      | Reached skill level 10 in Stealth
  4683 | D:4      | Reached XP level 7. HP: 27/43 MP: 9/9
  4979 | D:5      | Reached skill level 11 in Stealth
  5350 | D:5      | Bought a steaming longbow for 237 gold pieces
  5350 | D:5      | Identified the +6 longbow "Muom" {venom, *Drain rElec rC+ Stlth+} (You bought it in a shop on level 5 of the Dungeon)
  5822 | D:5      | Reached skill level 1 in Bows
  6104 | D:6      | Reached XP level 8. HP: 46/48 MP: 10/10
  6200 | D:6      | Found a burning altar of Makhleb.
  6537 | D:6      | Reached skill level 12 in Stealth
  6547 | D:6      | HP: 1/48 [bullfrog (8)]
  6547 | D:6      | Mangled by a bullfrog

Vault maps used:
D:1:      grunt_arrival_crossed_arrows, minmay_pentomino_q2
D:2:      grunt_gozag_breadcrumbs, lemuel_coloured_pillars_altar,
          minmay_crystal_room, minivault_27, hex_intersection,
          doesnt_xom_only_xom, uniq_jessica
D:3:      first_bread, serial_glass, glass_columns_a, glass_columns_a,
          glass_columns_a, glass_columns_a, glass_columns_a, glass_columns_b,
          uniq_terence, uniq_robin
D:4:      gammafunk_temple_overflow_wave, minmay_temple_entry_hall
D:6:      serial_co_window_serial, co_window_paths_a, co_window_cross_1,
          co_window_paths_a, co_window_corner_a, co_window_corner_a,
          co_window_corner_a, co_window_paths_b, co_window_broadway_a,
          co_window_corner_b, co_window_of_opportunity_c,
          co_window_of_opportunity_b, co_window_corner_b, co_window_paths_d,
          co_window_paths_e, glass_columns_a, glass_columns_a, basic_altar

Skill      XL: |  1  2  3  4  5  6  7  8 |
---------------+-------------------------+-----
Stealth        | 3 4 5 7 8 10 11 12 | 12.0
Bows           | 2 3 |  3.5
Fighting       | |  1.0
Short Blades   | |  1.0
Dodging        | |  2.0
Evocations     | |  3.2

Action                   |  1- 3 |  4- 6 |  7- 9 || total
-------------------------+-------+-------+-------++-------
Melee: Dagger            |    65 |   155 |    38 ||   258
       Constrict         |     9 |    33 |     9 ||    51
       Tentacles         |     9 |    26 |     8 ||    43
       Longbow           |       |       |    10 ||    10
 Fire: Longbow           |       |       |    62 ||    62
Invok: Call Merchant     |       |       |     1 ||     1
Evoke: Wand              |       |    13 |       ||    13
  Use: Potion            |       |     1 |     2 ||     3
 Stab: Sleeping          |     8 |    17 |    11 ||    36
       Distracted        |       |     3 |     1 ||     4
  Eat: Royal jelly       |     2 |       |     3 ||     5
       Meat ration       |       |     1 |       ||     1
       Bread ration      |       |     1 |       ||     1
Armor: Skin              |     5 |    10 |    12 ||    27
Dodge: Dodged            |    39 |    73 |    71 ||   183
